 Dungeon Crawl Stone Soup version 0.27-a0-203-gd48b2df3c9 (webtiles) character file.

Game seed: 14516627559804676284

693 iamserjio the Skirmisher (level 7, -1/60 HPs)
             Began as a Gnoll Abyssal Knight on Jan 30, 2021.
             Was a Priest of Lugonu.
             Slain by an ogre
             ... wielding a +0 giant club
              (16 damage)
             ... on level 5 of the Dungeon.
             The game lasted 00:09:35 (1567 turns).

iamserjio the Skirmisher (Gnoll Abyssal Knight)     Turns: 1567, Time: 00:09:35

Health: -1/60      AC: 11    Str: 11    XL:     7   Next: 64%
Magic:  11/11      EV: 12    Int: 13    God:    Lugonu [***...]
Gold:   193        SH:  0    Dex: 12    Spells: 11/11 levels left

rFire    . . .     SeeInvis .   n - +0 quarterstaff (speed)
rCold    . . .     Faith    .   (shield currently unavailable)
rNeg     + . .     Spirit   .   H - +3 ring mail "Gubife" {Rampage +Inv Stlth-}
rPois    .         Reflect  .   u - +0 helmet
rElec    .         Harm     .   (no cloak)
rCorr    .         Rampage  +   g - +0 pair of gloves
Will     .....     Rnd*Tele +   (no boots)
Stlth    ..........             (no amulet)
HPRegen  0.20/turn              h - ring of positive energy
MPRegen  0.12/turn              p - ring of teleportation

@: no status effects
A: distributed training, fangs 1, strong nose
a: Renounce Religion, Evoke Invisibility, Depart the Abyss, Bend Space, Banish


You were on level 5 of the Dungeon.
You worshipped Lugonu.
Lugonu was most pleased with you.
You visited 1 branch of the dungeon, and saw 6 of its levels.
You visited the Abyss 1 time.
You also visited: Sewer.

You collected 193 gold pieces.

Inventory:

Hand Weapons
 a - a +1 hand axe
 d - a +0 dagger
 e - a +0 dagger of venom
 n - a +0 quarterstaff of speed (weapon)
 D - a +0 trident
 J - a +1 dagger of holy wrath
 K - a +1 vampiric whip
Missiles
 j - 52 arrows
 v - 6 poisoned darts (quivered)
 y - 67 bolts
Armour
 b - a +0 leather armour
 g - a +0 pair of gloves (worn)
 i - a +0 ring mail
 s - a +0 chain mail
 u - a +0 helmet (worn)
 z - a scarf of harm
 A - a +0 buckler
 H - the +3 ring mail "Gubife" (worn) {Rampage +Inv Stlth-}
   (You found it in a sewer)

   It lets you turn invisible.
   It bestows one free step when moving towards enemies.
   It makes you less stealthy.
Jewellery
 h - a ring of positive energy (left hand)
 p - a ring of teleportation (right hand)
 t - an uncursed ring of attention
Scrolls
 c - a scroll of remove curse {@r2}
 f - 4 scrolls of teleportation {@r3}
 q - a scroll of fear
 w - 3 scrolls of enchant armour
 B - a scroll of magic mapping {unknown}
 C - a scroll of noise {unknown}
 G - a scroll of amnesia {unknown}
 L - a scroll of blinking {unknown}
Potions
 k - 2 potions of invisibility {unknown}
 l - 2 potions of degeneration {unknown}
 m - a potion of lignification {unknown}
 o - a potion of haste {unknown}
 r - 4 potions of curing {unknown}
 x - a potion of heal wounds {unknown}
 E - 3 potions of flight
 F - a potion of brilliance {unknown}
 I - a potion of might {unknown}


   Skills:
 + Level 7.1 Fighting
 + Level 2.6 Short Blades
 + Level 2.6 Long Blades
 + Level 5.3 Axes
 + Level 2.6 Maces & Flails
 + Level 2.6 Polearms
 + Level 2.6 Staves
 + Level 2.6 Slings
 + Level 2.6 Bows
 + Level 2.6 Crossbows
 + Level 2.6 Throwing
 + Level 5.3 Armour
 + Level 3.7 Dodging
 + Level 2.6 Stealth
 + Level 2.6 Shields
 + Level 2.6 Unarmed Combat
 + Level 2.6 Spellcasting
 + Level 2.1 Conjurations
 + Level 2.1 Hexes
 + Level 2.1 Summonings
 + Level 2.1 Necromancy
 + Level 2.1 Translocations
 + Level 2.1 Transmutations
 + Level 2.1 Fire Magic
 + Level 2.1 Ice Magic
 + Level 2.1 Air Magic
 + Level 2.1 Earth Magic
 + Level 2.1 Poison Magic
 + Level 5.4 Invocations
 + Level 2.6 Evocations


You had 11 spell levels left.
You didn't know any spells.
Your spell library was empty.

Dungeon Overview and Level Annotations

Branches:
Dungeon (6/15)             Temple (0/1) D:5           Sewer (visited)

Altars:
Ashenzari
Cheibriados
Elyvilon
Vehumet

Annotations:
D:4 exclusion: statue


Innate Abilities, Weirdness & Mutations

Your experience applies equally to all skills.
You have very sharp teeth.
Your uncanny sense of smell can sniff out nearby items.


Message History

You sock the centaur!
You kill the centaur!
Things that are here:
a +0 shortbow; 17 arrows; a centaur corpse
j - 52 arrows (gained 17)
Okay, then.
You open the door.
A frilled lizard comes into view.
You rampage towards the frilled lizard!
The frilled lizard barely misses you.
You sock the frilled lizard!
You kill the frilled lizard!
An ogre comes into view. It is wielding a +0 giant club.
The ogre shouts!
The ogre hits you with a +0 giant club.
* * * LOW HITPOINT WARNING * * *
You barely miss the ogre. The ogre hits you with a +0 giant club.
* * * LOW HITPOINT WARNING * * *
You barely miss the ogre. You bite the ogre. You barely miss the ogre.
The ogre hits you with a +0 giant club!
You die...

#.....####.)......#..........#...
#.....#......[##'##..............
......#.......##.##.............#
..#...#.......##.##..............
8.##[.#####+####.##...........###
...##..# #.##...........#<.
.#..##.### #.##...........###
.##......# #.##.#######..†...
..##.....# #@##.#.......#####
>....8...#.....O....#............
..##.....#..........#............
.##......####.#.....#............
.#..##...# #.#.....#............
...# ....# # #.....#............
8.# ...# #.....#............ ..#
...# .#.##.#............ ... ##
#............


You could see an ogre.

Vanquished Creatures
  An ogre (D:4)
  A centaur (D:5)
  A scorpion (D:5)
  A jelly (D:5)
  3 hounds (D:4)
  Jessica (D:2)
  A merfolk siren (Sewer)
  2 orc wizards (D:5)
  A merfolk avatar (Sewer)
  4 gnolls (D:5)
  10 adders
  3 river rats (Sewer)
  An ufetubus (D:5)
  3 worms
  2 dart slugs
  5 leopard geckos
  2 orcs (D:5)
  4 giant cockroaches
  3 goblins (D:3)
  5 hobgoblins
  5 kobolds
  A quokka (D:3)
  2 ball pythons
  2 bats
  8 frilled lizards
  A jackal skeleton (D:3)
  22 rats
95 creatures vanquished.

Notes
Turn   | Place    | Note
-------+----------+-------------------------------------------
     0 | Abyss:1  | iamserjio the Gnoll Abyssal Knight began the quest for the
                  | Orb.
     0 | Abyss:1  | Reached XP level 1. HP: 23/23 MP: 3/3
     9 | D:1      | Escaped the Abyss
    98 | D:2      | Noticed Jessica
   108 | D:2      | Killed Jessica
   109 | D:2      | Reached XP level 2. HP: 29/29 MP: 5/5
   109 | D:2      | Reached XP level 3. HP: 35/35 MP: 6/6
   255 | D:2      | Found a white marble altar of Elyvilon.
   256 | D:2      | Found a snail-covered altar of Cheibriados.
   257 | D:2      | Found a broken altar of Ashenzari.
   273 | D:2      | Found a faded altar of an unknown god.
   308 | D:2      | Reached skill level 1 in Short Blades
   308 | D:2      | Reached skill level 1 in Long Blades
   308 | D:2      | Reached skill level 1 in Maces & Flails
   308 | D:2      | Reached skill level 1 in Polearms
   308 | D:2      | Reached skill level 1 in Staves
   308 | D:2      | Reached skill level 1 in Slings
   308 | D:2      | Reached skill level 1 in Bows
   308 | D:2      | Reached skill level 1 in Crossbows
   308 | D:2      | Reached skill level 1 in Throwing
   308 | D:2      | Reached skill level 1 in Stealth
   308 | D:2      | Reached skill level 1 in Shields
   308 | D:2      | Reached skill level 1 in Unarmed Combat
   308 | D:2      | Reached skill level 1 in Spellcasting
   308 | D:2      | Reached skill level 1 in Evocations
   308 | D:2      | Reached XP level 4. HP: 33/41 MP: 7/7
   536 | D:3      | Reached ** piety under Lugonu
   618 | D:3      | Reached skill level 1 in Conjurations
   618 | D:3      | Reached skill level 1 in Hexes
   618 | D:3      | Reached skill level 1 in Summonings
   618 | D:3      | Reached skill level 1 in Necromancy
   618 | D:3      | Reached skill level 1 in Translocations
   618 | D:3      | Reached skill level 1 in Transmutations
   618 | D:3      | Reached skill level 1 in Fire Magic
   618 | D:3      | Reached skill level 1 in Ice Magic
   618 | D:3      | Reached skill level 1 in Air Magic
   618 | D:3      | Reached skill level 1 in Earth Magic
   618 | D:3      | Reached skill level 1 in Poison Magic
   656 | D:3      | Reached XP level 5. HP: 26/47 MP: 8/8
   882 | D:4      | Found a radiant altar of Vehumet.
   882 | D:4      | Noticed a charred statue
   901 | D:4      | Noticed an ogre
   913 | D:4      | Killed an ogre
   914 | D:4      | Reached skill level 5 in Axes
   914 | D:4      | Reached skill level 5 in Armour
   914 | D:4      | Reached skill level 5 in Invocations
   914 | D:4      | Reached XP level 6. HP: 16/53 MP: 9/9
   931 | D:5      | Entered Level 5 of the Dungeon
   954 | D:5      | Found a glowing drain.
   980 | Sewer    | Entered a sewer
  1137 | Sewer    | Reached *** piety under Lugonu
  1239 | Sewer    | Reached XP level 7. HP: 44/59 MP: 10/10
  1267 | Sewer    | Got an encrusted ring mail
  1278 | Sewer    | Identified the +3 ring mail "Gubife" {Rampage +Inv Stlth-}
                  | (You found it in a sewer)
  1353 | D:5      | Reached skill level 7 in Fighting
  1458 | D:5      | Found a staircase to the Ecumenical Temple.
  1567 | D:5      | Slain by an ogre

Illustrated notes

Levels and vault maps discovered:
D:1:      roderic_dead_forest, layout_basic, solitary_fountain
D:2:      layout_loops_ring, chequers_temple_overflow_statue_of_worship,
          chequers_ecumenical_altar_simple, uniq_jessica
D:3:      minmay_recursive_quarters, layout_basic
D:4:      layout_basic, vehumet_statue
D:5:      layout_basic, minmay_temple_entry_waves, cheibrodos_sewer_entry_drain
D:6:      layout_rooms

Skill      XL: |  1  2  3  4  5  6  7 |
---------------+----------------------+-----
Short Blades   | 1 2 |  2.6
Long Blades    | 1 2 |  2.6
Maces & Flails | 1 2 |  2.6
Polearms       | 1 2 |  2.6
Staves         | 1 2 |  2.6
Slings         | 1 2 |  2.6
Bows           | 1 2 |  2.6
Crossbows      | 1 2 |  2.6
Throwing       | 1 2 |  2.6
Stealth        | 1 2 |  2.6
Shields        | 1 2 |  2.6
Unarmed Combat | 1 2 |  2.6
Spellcasting   | 1 2 |  2.6
Evocations     | 1 2 |  2.6
Conjurations   | 1 2 |  2.1
Hexes          | 1 2 |  2.1
Summonings     | 1 2 |  2.1
Necromancy     | 1 2 |  2.1
Translocations | 1 2 |  2.1
Transmutations | 1 2 |  2.1
Fire Magic     | 1 2 |  2.1
Ice Magic      | 1 2 |  2.1
Air Magic      | 1 2 |  2.1
Earth Magic    | 1 2 |  2.1
Poison Magic   | 1 2 |  2.1
Dodging        | 3 |  3.7
Axes           | 5 |  5.3
Armour         | 5 |  5.3
Invocations    | 5 |  5.4
Fighting       | 7 |  7.1

Action                   |  1- 3 |  4- 6 |  7- 9 || total
-------------------------+-------+-------+-------++-------
Melee: Hand axe          |    45 |       |       ||    45
       Bite              |     6 |    16 |    13 ||    35
       Quarterstaff      |       |   253 |    82 ||   335
Throw: Dart              |       |     3 |    11 ||    14
  Use: Scroll            |       |     5 |       ||     5
       Potion            |       |     1 |       ||     1
Armor: Leather armour    |     8 |       |       ||     8
       Ring mail         |     6 |     4 |    21 ||    31
       Chain mail        |       |   123 |       ||   123
Dodge: Dodged            |    25 |    74 |    42 ||   141

Table legend: (Time is in decaauts)
 A = Elapsed time spent in this place.
 B = Non-inter-level travel time spent in this place.
 C = Inter-level travel time spent in this place.
 D = Time resting spent in this place.
 E = Time spent auto-exploring this place.
 F = Levels seen in this place.
 G = Mean time per level.
                   A        B        C        D        E       F      G
               +--------+--------+--------+--------+--------+-----+--------+
         Total |   1533 |   1459 |     74 |      0 |      0 |   8 |  191.6 |
       Dungeon |   1221 |   1147 |     74 |      0 |      0 |   6 |  203.5 |
         Abyss |      9 |      9 |      0 |      0 |      0 |   1 |    9.0 |
         Sewer |    303 |    303 |      0 |      0 |      0 |   1 |  303.0 |
               +--------+--------+--------+--------+--------+-----+--------+

Top non-repeatable levels by time:
     D:2: 429 daAuts
     D:5: 319 daAuts
   Sewer: 303 daAuts
     D:3: 201 daAuts
     D:4: 177 daAuts
     D:1: 91 daAuts
 Abyss:1: 9 daAuts
     D:6: 1 daAuts
